 Dungeon Crawl Stone Soup version 0.29.0-4-gdea44cf6ec (webtiles) character file.

Game seed: 9066333858271627948

9 qw the Firebug (level 2, 0/23 HPs)
             Began as a Ghoul Fire Elementalist on Aug 30, 2022.
             Slain by a quokka (2 damage)
             ... on level 2 of the Dungeon.
             The game lasted 00:00:42 (1036 turns).

qw the Firebug (Ghoul Fire Elementalist)            Turns: 1036, Time: 00:00:43

Health: 0/23       AC:  3    Str: 11    XL:     2   Next: 12%
Magic:  3/3        EV: 11    Int: 10    God:
Gold:   37         SH:  2    Dex:  9    Spells: 3/4 levels left

rFire   . . .      SeeInvis .     - Unarmed
rCold   + . .      Faith    .   e - +0 buckler
rNeg    + + +      Spirit   .   h - +0 leather armour {Will+}
rPois   inf        Reflect  .   (no helmet)
rElec   .          Harm     .   (no cloak)
rCorr   .          Rampage  .   (no gloves)
Will    +....                   (no boots)
Stlth   +.........              (no amulet)
HPRegen 0.00/turn               (no ring)
MPRegen 0.08/turn               (no ring)

@: about to teleport, inhibited regen
A: claws 1, cold resistance 1, negative energy resistance 3, inhibited
regeneration, torment resistance 2, devour on kill
a: no special abilities


You were on level 2 of the Dungeon.
You visited 1 branch of the dungeon, and saw 2 of its levels.

You collected 37 gold pieces.


Innate Abilities, Weirdness & Mutations

You are immune to poison.
You have sharp fingernails.
Your flesh is cold resistant. (rC+)
You are immune to negative energy. (rN+++)
You do not regenerate when monsters are visible.
You are immune to unholy pain and torment.
You thrive by killing the living.


   Skills:
 - Level 1.0 Fighting
 - Level 1.7 Dodging
 - Level 2.1 Stealth
 + Level 1.3 Unarmed Combat
 - Level 1.7 Spellcasting
 - Level 0.7 Conjurations
 - Level 2.4 Fire Magic


You had 3 spell levels left.
You knew the following spells:

 Your Spells              Type           Power      Damage    Failure   Level
a - Foxfire               Conj/Fire      16%        2x1d4     30%         1

Your spell library contained the following spells:

 Spells                   Type           Power      Damage    Failure   Level
 Scorch                   Fire           10%        2d5       32%         2
 Conjure Flame            Conj/Fire      4%         6-21      67%         3
 Inner Flame              Hex/Fire       3%         N/A       73%         3
 Flame Wave               Conj/Fire      4%         2d5       97%         4

Inventory:

Armour
 e - a +0 buckler (worn)
 h - a +0 leather armour of willpower (worn)
Potions
 a - a potion of heal wounds {unknown}
 c - a potion of curing {unknown}

Dungeon Overview and Level Annotations

Branches:
Dungeon (2/15)

Altars:


Message History

The quokka is moderately wounded.
The quokka bites you.
You barely miss the quokka.
The quokka is moderately wounded.
The quokka closely misses you.
You barely miss the quokka.
The quokka is moderately wounded.
The quokka barely misses you.
You closely miss the quokka.
The quokka is moderately wounded.
The quokka completely misses you. The quokka closely misses you.
You scratch the quokka.
The quokka is heavily wounded.
The quokka bites you but does no damage.
You scratch the quokka but do no damage.
The quokka is heavily wounded.
The quokka misses you.
You barely miss the quokka.
The quokka is heavily wounded.
The quokka closely misses you.
You miss the quokka.
The quokka is heavily wounded.
The quokka bites you. The quokka closely misses you.
You closely miss the quokka.
The quokka is heavily wounded.
The quokka bites you but does no damage.
You scratch the quokka but do no damage.
The quokka is heavily wounded.
The quokka closely misses you.
You closely miss the quokka.
The quokka is heavily wounded.
The quokka bites you.
1035 ||| READING scroll of teleportation.
As you read the scroll of teleportation, it crumbles to dust.
You feel strangely unstable. The quokka bites you.
You barely miss the quokka.
The quokka is heavily wounded.
You block the quokka's attack. The quokka bites you.
You die...

### #.. ..# #.#
#.# #.# #.#
##..####.##### #.#
#.....r@.....###.#
.....###.##...##.#
#.. #.#.###.#.# #
#..## ##..# ##.#
#.## #.## ##.#
##.###.## ##...##
#####.##


You could see a quokka.

Vanquished Creatures
  A giant cockroach (D:1)
  A ball python (D:1)
  2 bats
  2 frilled lizards
  5 rats (D:1)
11 creatures vanquished.

Notes
Turn   | Place    | Note
-------+----------+-------------------------------------------
     0 | D:1      | qw the Ghoul Fire Elementalist began the quest for the Orb.
     0 | D:1      | Reached XP level 1. HP: 14/14 MP: 2/2
     0 | D:1      | 0 ||| qw: Version: 0.1-a-90-g952f4b7
     0 | D:1      | 0 ||| qw: Game counter: 4354
     0 | D:1      | 0 ||| qw: Always use a shield: true
     0 | D:1      | 0 ||| qw: God list: Okawaru
     0 | D:1      | 0 ||| qw: Allow faded altars: false
     0 | D:1      | 0 ||| qw: Do Orc after D:15 true
     0 | D:1      | 0 ||| qw: Do second Lair branch before Depths: true
     0 | D:1      | 0 ||| qw: Lair rune preference: random
     0 | D:1      | 0 ||| qw: Plans: Normal
     0 | D:1      | 0 ||| PLANNING D:1-11
   370 | D:1      | Reached skill level 1 in Unarmed Combat
   554 | D:1      | Reached skill level 1 in Fighting
   554 | D:1      | Reached XP level 2. HP: 14/23 MP: 3/3
   799 | D:1      | 799 ||| UPGRADING to +0 buckler.
   804 | D:1      | 804 ||| UPGRADING to +0 leather armour of willpower.
   814 | D:1      | 814 ||| DROPPING +0 robe.
   815 | D:1      | 815 ||| READING 2 scrolls labelled LINTUFUUCI.
   818 | D:1      | 818 ||| READING scroll labelled LIOD MYX LEO.
   819 | D:1      | 819 ||| READING 2 scrolls labelled EROENE DUASAT.
   920 | D:1      | 920 ||| DROPPING potion of magic.
   921 | D:1      | 921 ||| DROPPING scroll of silence.
  1034 | D:2      | HP: 5/23 [quokka (2)]
  1035 | D:2      | 1035 ||| READING scroll of teleportation.
  1035 | D:2      | HP: 2/23 [quokka (3)]
  1036 | D:2      | Slain by a quokka

Levels and vault maps discovered:
D:1:      minmay_arrival_plants_in_alcoves, layout_loops_cross
D:2:      layout_loops_corners, hellmonk_ecumenical_altar_heavens_door,
          basic_altar

Skill      XL: |  1 |
---------------+----+-----
Unarmed Combat | 1 |  1.3
Fighting       | 1 |  1.0
Dodging        | |  1.7
Stealth        | |  2.1
Spellcasting   | |  1.7
Conjurations   | |  0.7
Fire Magic     | |  2.4

Action                   || total
-------------------------++-------
Melee: Unarmed           ||    62
  Use: Scroll            ||     4
Armor: Robe              ||     6
       Leather armour    ||     8
Dodge: Dodged            ||    42
Block: Buckler           ||     2

Table legend:
 A = Non-vault XP
 B = Vault XP
 C = Vault XP percentage of total XP
 D = Non-vault monster count
 E = Vault monster count
 F = Vault count percentage of total count
                 A         B        C        D         E       F
            +---------+---------+-------+---------+---------+-------
      Total |      13 |       0 |   0.0 |      11 |       0 |   0.0
            +---------+---------+-------+---------+---------+-------
        D:1 |      10 |       0 |   0.0 |       9 |       0 |   0.0
        D:2 |       3 |       0 |   0.0 |       2 |       0 |   0.0
            +---------+---------+-------+---------+---------+-------
